 Dungeon Crawl Stone Soup version 0.30.1-3-gfc49f6343a (webtiles) character file.

Game seed: 14588150023161496385

116 KyoPewz the Trooper (level 5, 0/54 HPs)
             Began as an Ogre Gladiator on July 30, 2023.
             Slain by Sigmund
             ... wielding a +0 scythe
              (9 damage)
             ... on level 3 of the Dungeon.
             The game lasted 00:04:43 (2060 turns).

KyoPewz the Trooper (Ogre Gladiator)                Turns: 2060, Time: 00:04:44

Health: 0/54       AC:  3    Str: 20    XL:     5   Next: 0%
Magic:  5/5        EV: 10    Int:  9    God:
Gold:   109        SH:  0    Dex: 10    Spells: 4/4 levels left

rFire   . . .        a - +0 flail
rCold   . . .        (no shield)
rNeg    . . .        b - +0 robe
rPois   .            c - +0 hat
rElec   .            (no cloak)
rCorr   .            (gloves unavailable)
SInv    .            (boots unavailable)
Will    .....        (no amulet)
Stlth   +            (no ring)
HPRegen 0.29/turn    (no ring)
MPRegen 0.09/turn

%: no passive effects
@: confused
A: large, unfitting armour, tough skin 1
a: no special abilities


You were on level 3 of the Dungeon.
You visited 1 branch of the dungeon, and saw 3 of its levels.

You collected 109 gold pieces.

Inventory:

Hand Weapons
 a - a +0 flail (weapon)
Missiles
 d - 3 throwing nets
 n - 5 stones (quivered)
Armour
 b - a +0 robe (worn)
 c - a +0 hat (worn)
Jewellery
 k - a ring of magical power
Scrolls
 f - 2 scrolls of fog {unknown}
 h - a scroll of enchant weapon {unknown}
 j - 5 scrolls of identify {unknown}
 l - 3 scrolls of teleportation {unknown}
 p - a scroll of blinking {unknown}
Potions
 g - 3 potions of heal wounds {unknown}
 i - 5 potions of curing {unknown}
 m - a potion of invisibility {unknown}
 o - a potion of haste {unknown}
 q - 2 potions of lignification {unknown}


   Skills:
 + Level 4.3 Fighting
 + Level 3.6 Maces & Flails
 + Level 3.3 Throwing
 - Level 2.6 Dodging


You had 4 spell levels left.
You didn't know any spells.
Your spell library contained the following spells:

 Spells                   Type           Power      Damage    Failure   Level
 Apportation              Tloc           0%         N/A       38%         1
 Necrotise                Necr           0%         1d4       38%         1
 Summon Small Mammal      Summ           0%         N/A       38%         1
 Poisonous Vapours        Pois/Air       0%         N/A       52%         2
 Mephitic Cloud           Conj/Pois/Air  0%         N/A       77%         3
 Freezing Cloud           Conj/Ice/Air   0%         6-21      100%        5


Dungeon Overview and Level Annotations

Branches:
Dungeon (3/15)

Altars:

Annotations:
D:3 Sigmund


Innate Abilities, Weirdness & Mutations

You are too large for most types of armour.
You have tough skin. (AC +1)


Message History

Press: ? - help, Q - select action, (/) - cycle Shift-Dir - straight line, f/p - Sigmund
Aim: Sigmund, wielding a +0 scythe and wearing a +0 robe (severely wounded, spells empowered, 55% to hit)
You throw a stone. The stone hits Sigmund.
Sigmund is severely wounded.
Sigmund casts a spell at you. The magic dart hits you.
You take 3 damage, and have 33/54 hp.
Throw: 7 stones
Press: ? - help, Q - select action, (/) - cycle Shift-Dir - straight line, f/p - Sigmund
Aim: Sigmund, wielding a +0 scythe and wearing a +0 robe (severely wounded, spells empowered, 55% to hit)
You throw a stone. The stone hits Sigmund.
Sigmund is severely wounded.
Sigmund points at you and mumbles some strange words.
You are confused.
Non-targeted confused throw: 6 stones
Press: ? - help, Q - select action, (/) - cycle Dir - look around, f - activate You throw a stone.
Sigmund gestures wildly while chanting.
Sigmund flickers and vanishes!
Deactivating autopickup; reactivate with Ctrl-A.
You bump into the rock wall.
You're too confused to move!
You bump into the rock wall.
A puff of flame appears from out of thin air!
The puff of flame hits you!
You take 12 damage, and have 22/54 hp.
MASSIVE DAMAGE!!
A puff of flame appears from out of thin air!
The puff of flame hits you!
* * * LOW HITPOINT WARNING * * *
You take 8 damage, and have 14/54 hp.
You bump into the rock wall.
Something tries to affect you, but you resist.
You feel less confused.
You hear some strange, mumbled words.
You are confused.
Something hits you.
* * * LOW HITPOINT WARNING * * *
You take 5 damage, and have 9/54 hp.
Something hits you!
You die...

.....#.#.###.###..#
.#................###
.##...##...#........#
##.###.#...######.#
#.# #.###.# #.# #.#
#.....# #.# #.#
###.### ####.# #.# #.
#....# #.# # #@####
#.# #.# #.## #..#
#.@............
#..#####.###### .# .#


There were no monsters in sight!

Vanquished Creatures
  An orc priest (D:2)
  3 adders
  2 worms (D:2)
  2 dart slugs
  3 orcs
  A ball python (D:1)
  3 endoplasms
  4 giant cockroaches
  5 goblins
  A hobgoblin (D:1)
  3 jackals (D:2)
  4 quokkas
  3 bats
  5 frilled lizards
  4 kobolds
  3 rats
47 creatures vanquished.

Notes
Turn   | Place    | Note
-------+----------+-------------------------------------------
     0 | D:1      | KyoPewz the Ogre Gladiator began the quest for the Orb.
     0 | D:1      | Reached XP level 1. HP: 22/22 MP: 1/1
   156 | D:1      | Reached skill level 3 in Fighting
   250 | D:1      | Reached XP level 2. HP: 18/31 MP: 2/2
   699 | D:2      | Reached XP level 3. HP: 37/37 MP: 3/3
  1496 | D:2      | Reached XP level 4. HP: 31/48 MP: 4/4
  1579 | D:2      | Reached skill level 4 in Fighting
  1982 | D:3      | Reached XP level 5. HP: 49/54 MP: 5/5
  2041 | D:3      | Noticed Sigmund
  2060 | D:3      | Slain by Sigmund

Illustrated notes

Levels and vault maps discovered:
D:1:      scummos_arrival_forest, layout_basic, chequers_serial_rivers_marsh
D:2:      layout_basic, minmay_fountain_box
D:3:      layout_loops_ring, mainiacjoe_overflow_paths,
          minmay_misc_feat_nine_boxes, uniq_sigmund

Skill      XL: |  1  2  3  4 |
---------------+-------------+-----
Fighting       | 3 4 |  4.3
Maces & Flails | 3 |  3.6
Throwing       | 3 |  3.3
Dodging        | |  2.6

Action                     |  1- 3 |  4- 6 || total
---------------------------+-------+-------++-------
  Melee: Flail             |   120 |    49 ||   169
         Punch             |     1 |       ||     1
  Throw: Stone             |       |     5 ||     5
         Large rock        |       |     1 ||     1
   Stab: Sleeping          |     2 |       ||     2
 Armour: Robe              |    38 |    13 ||    51
  Dodge: Dodged            |   102 |    28 ||   130
